 Dungeon Crawl Stone Soup version 0.29.1-2-gbd0b4ee654 (webtiles) character file.

Game seed: 6034639566969039155

116 zeram the Covered (level 5, -2/33 HPs)
             Began as a Gargoyle Fighter on Nov 6, 2022.
             Was an Initiate of Gozag.
             Slain by an iguana (4 damage)
             ... on level 4 of the Dungeon.
             The game lasted 00:03:32 (2419 turns).

zeram the Covered (Gargoyle Fighter)                Turns: 2419, Time: 00:03:32

Health: -2/33      AC: 13    Str: 22    XL:     5   Next: 1%
Magic:  5/5        EV:  9    Int:  8    God:    Gozag
Gold:   121        SH:  4    Dex:  9    Spells: 4/4 levels left

rFire   . . .      SeeInvis .   f - +2 dagger (elec)
rCold   . . .      Faith    .   c - +0 buckler
rNeg    + . .      Spirit   .   b - +0 scale mail
rPois   ∞          Reflect  .   h - +0 helmet
rElec   +          Harm     .   l - scarf {repulsion}
rCorr   .          Rampage  .   i - +0 pair of gloves
Will    .....                   (no boots)
Stlth   ..........              (no amulet)
HPRegen 0.11/turn               (no ring)
MPRegen 0.09/turn               (no ring)

@: hasted, repel missiles, very quick
A: sickness immunity, AC +4, negative energy resistance 1, electricity
resistance, torment resistance 1, petrification resistance
a: Renounce Religion, Potion Petition, Call Merchant, Bribe Branch


You were on level 4 of the Dungeon.
You worshipped Gozag.
Gozag was aware of your devotion.
You visited 1 branch of the dungeon, and saw 4 of its levels.

You collected 172 gold pieces.
You paid 51 gold pieces to Gozag.

Inventory:

Hand Weapons
 a - a +0 flail
 f - a +2 dagger of electrocution (weapon)
 j - a +2 dagger of venom
Armour
 b - a +0 scale mail (worn)
 c - a +0 buckler (worn)
 h - a +0 helmet (worn)
 i - a +0 pair of gloves (worn)
 l - a scarf of repulsion (worn)
Jewellery
 p - a ring of resist corrosion
Wands
 n - a wand of roots (12)
 r - a wand of polymorph (10)
 t - a wand of light (5)
Scrolls
 g - 3 scrolls of identify
 o - a scroll of poison {unknown}
 q - 2 scrolls of magic mapping {unknown}
Potions
 d - 3 potions of might
 e - 2 potions of haste
 k - a potion of mutation
 m - a potion of heal wounds {unknown}
 s - a potion of lignification {unknown}
 u - a potion of curing {unknown}


   Skills:
 + Level 3.8 Fighting
 + Level 1.2 Short Blades
 + Level 2.9 Maces & Flails
 + Level 3.9 Armour
 + Level 0.9 Dodging
 + Level 3.9 Shields


You had 4 spell levels left.
You didn't know any spells.
Your spell library contained the following spells:

 Spells                   Type           Power      Damage    Failure   Level
 Gell's Gravitas          Tloc           0%         N/A       99%         3
 Lesser Beckoning         Tloc           0%         N/A       99%         3
 Teleport Other           Tloc           0%         N/A       99%         3


Dungeon Overview and Level Annotations

Branches:
Dungeon (4/15)
 Temple: D:4-7

Altars:
Elyvilon
Gozag
Xom


Innate Abilities, Weirdness & Mutations

You are immune to sickness and miasma.
Your stone body is resilient. (AC +4)
You are immune to poison.
You resist negative energy. (rN+)
You are resistant to electric shocks. (rElec)
You are resistant to unholy torment.
You are immune to petrification.


Message History

The black bear goes berserk!
The iguana barely misses you.
Unknown command.
You barely miss the black bear.
The black bear is severely wounded.
The black bear bites you. The black bear claws you.
The black bear claws you but does no damage.
The iguana barely misses you.
You barely miss the black bear.
The black bear is severely wounded.
The black bear bites you but does no damage.
The black bear barely misses you.
The black bear claws you but does no damage.
The iguana closely misses you. The black bear bites you.
The black bear claws you but does no damage. x2
You closely miss the black bear.
The black bear is severely wounded.
The black bear bites you but does no damage.
The black bear claws you but does no damage. x2
The iguana bites you but does no damage.
You hit the black bear.
The black bear is almost dead.
The black bear bites you.
The black bear claws you but does no damage.
The black bear closely misses you. You block the iguana's attack.
The black bear bites you but does no damage.
The black bear claws you but does no damage.
The black bear claws you.
You hit the black bear.
The black bear is almost dead.
The black bear bites you. The black bear claws you.
The black bear claws you but does no damage.
Unknown command.
Okay, then.
You feel yourself speed up. You block the iguana's attack.
The black bear bites you!
* * * LOW HITPOINT WARNING * * *
You block the black bear's attack. x2
The iguana bites you.
You die...
Your body crumbles into a pile of gold.

............P.......P
#..<....P.PPPPP.P
#................
##.......#.##..#
##.....#......#
#..#####..##### ...##
#..# .### #..# .
##@.# #hl.#
#......$#.#
.......##.# .......
.# ....... .# .$.....
.# ....... .# .......


You could see a black bear (berserk) and an iguana.

Vanquished Creatures
  4 adders (D:3)
  3 worms (D:3)
  A dart slug (D:1)
  An orc (D:3)
  5 ball pythons
  6 endoplasms
  3 giant cockroaches
  5 goblins
  3 hobgoblins
  10 jackals
  7 kobolds
  3 quokkas
  4 bats
  4 frilled lizards
  4 rats
63 creatures vanquished.

Vanquished Creatures (others)
  7 toadstools (D:1)
7 creatures vanquished.

Grand Total: 70 creatures vanquished

Notes
Turn   | Place    | Note
-------+----------+-------------------------------------------
     0 | D:1      | zeram the Gargoyle Fighter began the quest for the Orb.
     0 | D:1      | Reached XP level 1. HP: 14/14 MP: 1/1
   251 | D:1      | Found a faded altar of an unknown god.
   313 | D:1      | Reached XP level 2. HP: 16/19 MP: 2/2
   856 | D:1      | You fall into a shaft and drop 1 floor!
   878 | D:2      | Reached XP level 3. HP: 23/23 MP: 3/3
  1604 | D:3      | Reached XP level 4. HP: 28/28 MP: 4/4
  1691 | D:3      | Reached skill level 1 in Short Blades
  1990 | D:3      | Found an opulent altar of Gozag.
  1992 | D:3      | Found a shimmering altar of Xom.
  2378 | D:3      | Became a worshipper of Gozag Ym Sagoz the Greedy
  2394 | D:4      | Found a white marble altar of Elyvilon.
  2396 | D:4      | Reached XP level 5. HP: 33/33 MP: 5/5
  2403 | D:4      | Noticed a black bear
  2419 | D:4      | Slain by an iguana

Illustrated notes

Levels and vault maps discovered:
D:1:      nagdon_arrival_double_spiral, layout_loops_ring,
          ebering_ecumenical_altar_webs, hangedman_decor_opposing
D:2:      minmay_inner_zag, layout_rooms, chequers_serial_rivers_small_b
D:3:      layout_basic, minitemple, st_stairs_3, interstate_on_off
D:4:      layout_rooms, lemuel_round_altar, mainiacjoe_overflow_cross_hatched

Skill      XL: |  1  2  3  4 |
---------------+-------------+-----
Short Blades   | 1 |  1.2
Fighting       | |  3.8
Maces & Flails | |  2.9
Armour         | |  3.9
Dodging        | |  0.9
Shields        | |  3.9

Action                   |  1- 3 |  4- 6 || total
-------------------------+-------+-------++-------
Melee: Flail             |    56 |       ||    56
       Dagger            |    65 |    69 ||   134
  Use: Scroll            |     3 |       ||     3
       Potion            |       |     1 ||     1
Armor: Scale mail        |    74 |    43 ||   117
Dodge: Dodged            |    73 |    30 ||   103
Block: Buckler           |    35 |    19 ||    54
